 Dungeon Crawl Stone Soup version 0.29-a0-512-gf59ac788ac (webtiles) character file.

Game seed: 6557916765449124560

262 xian the Covered (level 5, -6/47 HPs)
             Began as a Minotaur Fighter on May 29, 2022.
             Blown up by Ijyb (17 damage)
             ... with a mindburst bolt
             ... on level 3 of the Dungeon.
             The game lasted 00:05:55 (2945 turns).

xian the Covered (Minotaur Fighter)                 Turns: 2945, Time: 00:05:55

Health: -6/47      AC:  7    Str: 22    XL:     5   Next: 97%
Magic:  13/13      EV: 13    Int:  5    God:
Gold:   141        SH:  4    Dex: 10    Spells: 4/4 levels left

rFire   . . .      SeeInvis .   u - +3 dagger
rCold   . . .      Faith    .   c - +0 buckler
rNeg    . . .      Spirit   .   b - +0 scale mail
rPois   .          Reflect  .   (helmet restricted)
rElec   .          Harm     .   (no cloak)
rCorr   .          Rampage  .   (no gloves)
Will    .....                   (no boots)
Stlth   ..........              (no amulet)
HPRegen 0.15/turn               e - +4 ring of evasion
MPRegen 0.13/turn               r - ring of magical power

@: no status effects
A: horns 2, retaliatory headbutt
a: no special abilities


You were on level 3 of the Dungeon.
You visited 1 branch of the dungeon, and saw 3 of its levels.

You collected 141 gold pieces.

Inventory:

Hand Weapons
 u - a +3 dagger (weapon)
Missiles
 j - 3 boomerangs of dispersal
 n - 9 poisoned darts (quivered)
Armour
 b - a +0 scale mail (worn)
 c - a +0 buckler (worn)
Jewellery
 e - a +4 ring of evasion (left hand)
 r - a ring of magical power (right hand)
Wands
 a - a wand of polymorph (9)
Scrolls
 f - 2 scrolls of fear
 h - a scroll of immolation {unknown}
 l - a scroll of vulnerability
 m - a scroll of identify {unknown}
 p - a scroll of fog {unknown}
Potions
 d - a potion of might
 g - a potion of lignification {unknown}
 i - a potion of ambrosia {unknown}
 k - a potion of heal wounds {unknown}
 o - a potion of cancellation {unknown}
 q - a potion of resistance {unknown}
 s - 2 potions of brilliance {unknown}
 t - a potion of attraction {unknown}


   Skills:
 + Level 4.7 Fighting
 + Level 0.3(2.5) Short Blades
 + Level 4.5 Long Blades
 + Level 1.3 Throwing
 + Level 5.0 Armour
 + Level 1.2 Dodging
 + Level 0.1 Stealth
 + Level 4.5 Shields


You had 4 spell levels left.
You didn't know any spells.
Your spell library contained the following spells:

 Spells                   Type           Power      Damage    Failure   Level
 Magic Dart               Conj           0%         1d3       86%         1
 Call Imp                 Summ           0%         N/A       95%         2
 Mephitic Cloud           Conj/Pois/Air  0%         N/A       99%         3


Dungeon Overview and Level Annotations

Branches:
Dungeon (3/15)

Altars:

Annotations:
D:3 Ijyb


Innate Abilities, Weirdness & Mutations

You have a pair of horns on your head.
You reflexively headbutt those who attack you in melee.


Message History

You now have 141 gold pieces (gained 11).
Found a dagger.
An adder comes into view.
The adder hisses angrily.
The adder barely misses you. You furiously retaliate!
You headbutt the adder. You barely miss the adder.
The adder is lightly wounded.
The adder barely misses you.
You hit the adder. Your headbutt misses the adder.
The adder is severely wounded.
The adder closely misses you. You furiously retaliate!
You headbutt the adder!
You kill the adder!
You see here an adder corpse.
Ijyb the Twisted Goblin comes into view.
She is wielding a +0 club and carrying a wand of mindburst (13).
Ijyb shouts!
You throw a poisoned dart. The poisoned dart barely misses Ijyb.
You throw a poisoned dart. The poisoned dart barely misses Ijyb.
Ijyb zaps a wand.
Your mind is blasted!
You throw a poisoned dart. The poisoned dart hits Ijyb.
Ijyb is poisoned.
You throw a poisoned dart. The poisoned dart closely misses Ijyb.
You throw a poisoned dart. The poisoned dart hits Ijyb.
Ijyb looks even sicker.
Ijyb is lightly wounded.
Ijyb zaps a wand.
You barely resist. You throw a poisoned dart.
The poisoned dart closely misses Ijyb.
Ijyb zaps a wand.
Your mind is blasted!
Ijyb hits you with a +0 club.
You hit Ijyb but do no damage. Your headbutt misses Ijyb.
Ijyb is lightly wounded.
Ijyb zaps a wand.
Your mind is blasted!
You hit Ijyb.
Ijyb is moderately wounded.
Ijyb hits you with a +0 club.
You hit Ijyb but do no damage.
Ijyb is heavily wounded.
Ijyb zaps a wand.
Your mind is blasted!
* * * LOW HITPOINT WARNING * * *
You barely miss Ijyb.
Ijyb is heavily wounded.
Ijyb zaps a wand.
Your mind is blasted!
You die...

..# #### #.. #(#
...# #.. #.# ##)#
####.. #.# ##.#
......##(##### ...#
.............# ##.#
........g....# #..#
.##.....@....#
####.#
.............#
.....#
###..........#
###### ######.#####
# #.## #..#
########.#
##########........#
....#...........###


You could see Ijyb (poisoned).

Vanquished Creatures
  Sigmund (D:2)
  A gnoll (D:2)
  2 adders
  3 worms
  3 dart slugs
  3 orcs (D:3)
  8 endoplasms
  4 giant cockroaches
  3 goblins (D:1)
  9 hobgoblins
  3 jackals (D:1)
  5 kobolds
  2 quokkas (D:1)
  6 ball pythons
  5 bats
  4 rats (D:1)
62 creatures vanquished.

Notes
Turn   | Place    | Note
-------+----------+-------------------------------------------
     0 | D:1      | xian the Minotaur Fighter began the quest for the Orb.
     0 | D:1      | Reached XP level 1. HP: 19/19 MP: 0/0
    74 | D:1      | Reached XP level 2. HP: 25/27 MP: 1/1
   165 | D:1      | Found a faded altar of an unknown god.
   165 | D:1      | Noticed an eye of devastation
   167 | D:1      | Noticed a floating eye
   167 | D:1      | Noticed a floating eye
   167 | D:1      | Noticed a floating eye
   248 | D:1      | Reached skill level 4 in Armour
   449 | D:1      | Reached XP level 3. HP: 33/33 MP: 2/2
  1692 | D:2      | Reached XP level 4. HP: 26/41 MP: 3/3
  2558 | D:3      | Noticed Sigmund
  2584 | D:2      | Killed Sigmund
  2585 | D:2      | Reached skill level 1 in Throwing
  2585 | D:2      | Reached skill level 5 in Armour
  2585 | D:2      | Reached skill level 1 in Dodging
  2585 | D:2      | Reached XP level 5. HP: 29/47 MP: 4/4
  2933 | D:3      | Noticed Ijyb
  2945 | D:3      | Blown up by Ijyb

Illustrated notes

Levels and vault maps discovered:
D:1:      lightli_arrival_chessboard, layout_loops_corners,
          hellmonk_ecumenical_altar_watching_god, minmay_tetromino_t4
D:2:      layout_basic, serial_curves, eino_curves_01, eino_curves_04,
          eino_curves_01, minmay_split_cup_small
D:3:      layout_basic, gammafunk_ghost_grave, serial_bayou_pond_d,
          chequers_serial_rivers_micro_a, minivault_24, uniq_ijyb, uniq_sigmund

Skill      XL: |  1  2  3  4 |
---------------+-------------+-----
Shields        | 4 |  4.5
Armour         | 4 5 |  5.0
Fighting       | 4 |  4.7
Long Blades    | 3 4 |  4.5
Throwing       | 1 |  1.3
Dodging        | 1 |  1.2
Short Blades   | |  0.3
Stealth        | |  0.1

Action                   |  1- 3 |  4- 6 || total
-------------------------+-------+-------++-------
Melee: Long sword        |    94 |    19 ||   113
       Headbutt          |    14 |     4 ||    18
       Dagger            |       |    31 ||    31
Throw: Dart              |       |    18 ||    18
       Boomerang         |       |     2 ||     2
  Use: Scroll            |     2 |       ||     2
Armor: Scale mail        |    19 |    14 ||    33
Dodge: Dodged            |    61 |    39 ||   100
Block: Buckler           |    13 |     9 ||    22

Table legend: (Time is in decaauts)
 A = Elapsed time spent in this place.
 B = Non-inter-level travel time spent in this place.
 C = Inter-level travel time spent in this place.
 D = Time resting spent in this place.
 E = Time spent auto-exploring this place.
 F = Levels seen in this place.
 G = Mean time per level.
                   A        B        C        D        E       F      G
               +--------+--------+--------+--------+--------+-----+--------+
         Total |   2977 |   2891 |     86 |      0 |   2274 |   3 |  992.3 |
       Dungeon |   2977 |   2891 |     86 |      0 |   2274 |   3 |  992.3 |
               +--------+--------+--------+--------+--------+-----+--------+

Top non-repeatable levels by time:
     D:2: 1429 daAuts
     D:1: 1024 daAuts
     D:3: 523 daAuts
